 Dungeon Crawl Stone Soup version 0.29-a0-371-g91724d5b39 (webtiles) character file.

Game seed: 8471551614877534248

47460 Shayle the Fighter (level 14, -2/141 HPs)
             Began as a Tengu Brigand on May 2, 2022.
             Was a Follower of Yredelemnul.
             Slain by a wolf spider (7 damage)
             ... on level 6 of the Lair of Beasts.
             The game lasted 02:00:19 (24393 turns).

Shayle the Fighter (Tengu Brigand)                 Turns: 24393, Time: 02:00:20

Health: -2/141     AC: 27    Str: 19    XL:     14   Next: 42%
Magic:  0/33       EV:  2    Int: 14    God:    Yredelemnul [*.....]
Gold:   880        SH:  0    Dex: 17    Spells: 13/13 levels left

rFire   . . .      SeeInvis .   y - +3 triple sword (elec)
rCold   . . .      Faith    .   (shield currently unavailable)
rNeg    . . .      Spirit   +   (body armour currently unavailable)
rPois   +          Reflect  .   (helmet currently unavailable)
rElec   .          Harm     .   (cloak currently unavailable)
rCorr   .          Rampage  .   (gloves currently unavailable)
Will    +....      NoTele   +   (boots unavailable)
Stlth   +.........              n - amulet of guardian spirit
HPRegen 0.33/turn               F - ring of magical power
MPRegen 0.23/turn               t - +6 ring of strength

@: confused, tree-form, ambrosia-drunk
A: stationary, stasis, torment immunity, boosted hp, (beak), (talons 3), nimble
flight
a: Renounce Religion, Recall Undead Harvest


You were on level 6 of the Lair of Beasts.
You worshipped Yredelemnul.
Yredelemnul was pleased with you.
You were a tree.
You visited 3 branches of the dungeon, and saw 16 of its levels.
You also visited: Sewer and Bailey.

You collected 880 gold pieces.

Inventory:

Hand Weapons
 a - a +3 dagger of freezing
 y - a +3 triple sword of electrocution (weapon)
 K - the +2 hand axe "Death Rattle" {vorpal, rCorr Str+4}
   (You found it on level 7 of the Dungeon)

   It inflicts extra damage upon your enemies.
   Str:       It affects your strength (+4).
   rCorr:     It protects you from acid and corrosion.
 S - the +11 glaive of Mana {distort, rF+}
   (You found it on level 1 of the Lair of Beasts)

   It warps and distorts space around it, and may blink, banish, or inflict
   extra damage upon those it strikes.
   Unwielding it can cause banishment or high damage.
   rF:        It protects you from fire.
Missiles
 d - 27 poisoned darts
 r - 3 datura-tipped darts
 N - 6 curare-tipped darts (quivered)
Armour
 c - a +2 cloak (melded)
 g - the +1 pair of gloves of Parlour Games (melded) {Will+ Dex+3 Stlth+}
   (You found it on level 5 of the Dungeon)

   Dex:       It affects your dexterity (+3).
   Will:      It increases your willpower.
   Stlth:     It makes you more stealthy.
 j - a +2 ring mail of cold resistance
 H - a +0 plate armour (melded)
 R - +0 steam dragon scales
 Y - a +0 buckler
Jewellery
 e - a ring of protection from cold
 f - an amulet of magic regeneration
 n - an amulet of guardian spirit (around neck)
 t - a +6 ring of strength (right branch)
 u - a ring of protection from fire
 x - a ring of willpower
 B - an amulet of reflection
 D - a ring of positive energy
 F - a ring of magical power (left branch)
 I - a +4 ring of slaying
 L - a ring of ice
 M - a ring of fire
Wands
 v - a wand of paralysis (2)
 A - a wand of flame (28)
Scrolls
 b - a scroll of identify
 i - 2 scrolls of amnesia
 l - 3 scrolls of immolation
 o - 7 scrolls of teleportation
 p - 2 scrolls of magic mapping
 C - 4 scrolls of enchant weapon
 J - a scroll of enchant armour
 T - a scroll of fog
Potions
 h - 4 potions of brilliance
 q - 2 potions of berserk rage
 s - 2 potions of mutation
 w - a potion of might
 z - a potion of ambrosia
 E - 2 potions of cancellation
 O - 2 potions of magic


   Skills:
 + Level 13.3 Fighting
 - Level 2.1 Short Blades
 - Level 2.0 Throwing
 - Level 12.0 Armour
 + Level 8.1 Dodging
 - Level 4.0 Stealth
 + Level 9.9 Unarmed Combat
 + Level 12.1 Invocations
 - Level 5.0 Evocations


You had 13 spell levels left.
You didn't know any spells.
Your spell library contained the following spells:

 Spells                   Type           Power      Damage    Failure   Level
 Magic Dart               Conj           0%         1d3       28%         1
 Shock                    Conj/Air       0%         1d3       28%         1
 Searing Ray              Conj           0%         2d4       41%         2
 Static Discharge         Conj/Air       0%         N/A       41%         2
 Conjure Flame            Conj/Fire      0%         6-21      65%         3
 Dazzling Flash           Conj/Hex       0%         N/A       65%         3
 Ignite Poison            Fire/Tmut/Pois 0%         N/A       65%         3
 Inner Flame              Hex/Fire       0%         N/A       65%         3
 Swiftness                Air            0%         N/A       65%         3
 Airstrike                Air            0%         N/A       96%         4
 Cause Fear               Hex            0%         N/A       96%         4
 Dispel Undead            Necr           0%         3d6       96%         4
 Fulminant Prism          Conj/Hex       0%         3d6       96%         4
 Iskenderun's Mystic Bla  Conj/Tloc      0%         2d3       96%         4
 Sticky Flame             Conj/Fire      0%         2d3       96%         4
 Starburst                Conj/Fire      0%         6d3       100%        6
 Discord                  Hex            0%         N/A       100%        8


Dungeon Overview and Level Annotations

Branches:
Dungeon (9/15)             Temple (1/1) D:7            Lair (6/6) D:8
  Swamp (0/4) Lair:4       Spider (0/4) Lair:3        Slime (0/5) Lair:5
  Sewer (visited)          Bailey (visited)
    Orc: D:9-12

Altars:
Ashenzari
Dithmenos
Elyvilon
Fedhas
Gozag
Hepliaklqana
Kikubaaqudgha
Makhleb
Nemelex Xobeh
Okawaru
Qazlal
Ru
Sif Muna
Trog
Vehumet
Wu Jian
Xom
Yredelemnul
Zin
The Shining One
Beogh

Annotations:
Lair:4 1 runed translucent door, Depoub's ghost, journeyman OgIE


Innate Abilities, Weirdness & Mutations

You are a tree.
Your roots penetrate the ground, keeping you stationary.
You cannot be teleported.
You are immune to unholy pain and torment.
Your maximum health is greatly increased.
Your equipment is partially melded.
((You have a beak for a mouth.))
((You have claws for feet.))
Your magical nature lets you fly swiftly and evasively.


Message History

Your water moccasin zombie barely misses the redback.
The wolf spider hits you.
* * * LOW HITPOINT WARNING * * *
The wolf spider bites you but does no damage.
You slice the wolf spider!!
The wolf spider is moderately wounded.
The black mamba bites you.
* * * LOW HITPOINT WARNING * * *
The redback bites you but does no damage.
The redback bites your water moccasin zombie.
The wolf spider hits you!
* * * LOW HITPOINT WARNING * * *
The wolf spider bites you but does no damage.
The redback bites you but does no damage.
The black mamba bites you but does no damage.
The redback bites your water moccasin zombie!
Your water moccasin zombie closely misses the redback.
Your elephant zombie closely misses the black mamba.
Your elephant zombie barely misses the black mamba.
The wolf spider hits you but does no damage.
The wolf spider bites you but does no damage.
The black mamba bites you!
* * * LOW HITPOINT WARNING * * *
The redback bites you but does no damage.
The redback closely misses your water moccasin zombie.
Your water moccasin zombie barely misses the redback.
Your elephant zombie misses the black mamba.
Your elephant zombie trunk-slaps the black mamba but does no damage.
Okay, then.
You are confused.
You feel invigorated.
The black mamba bites you but does no damage.
The wolf spider hits you but does no damage.
The wolf spider bites you but does no damage.
The redback bites you!
* * * LOW HITPOINT WARNING * * *
The black mamba bites you but does no damage.
The wolf spider hits you!
You die...
Your body rises from the dead as a mindless zombie.

...##.#.....##...#..#...##.....#.
....#####....##.)####..##....###.
....# ##...##..##.)..)..###...
..##.# ##[ #######.(###..... ..#
## ##....#####....P.. .##
#..PP..##......... ##
##...P..##......... #
###SssZS.#####....P..
#..Z♣#..###..###.....
#...##.#.s#.Z....###...
....##..#..#..##...Z###. ..
##..##..##Z.##...Z.#. ##...#
s..#...##..Z... ##...##
...##...##..... . ##....#
....#....##...# #. #....##
##....##..# #.##....# #....##.#.


You could see a wolf spider, a black mamba (ally target), a water moccasin, a
redback, a friendly water moccasin zombie and a friendly elephant zombie.

Vanquished Creatures
  Rupert (Lair:3)
  2 vault guards (Bailey)
  5 hydras
  A two-headed ogre (D:8)
  4 death yaks
  A bog body (Lair:4)
  14 elephants
  5 cane toads
  3 black mambas
  4 komodo dragons
  2 rime drakes
  A polar bear (Lair:3)
  Grinder (D:3)
  A hornet (D:7)
  Prince Ribbit (Bailey)
  2 dream sheep (D:9)
  Sigmund (D:3)
  A wraith (D:9)
  5 yaks
  3 humans (Bailey)
  8 wyverns
  A basilisk (D:8)
  A redback (Lair:6)
  3 wargs (Lair:6)
  13 water moccasins
  4 hell hounds (Lair:6)
  2 orc warriors
  An ice beast (D:6)
  An ogre (D:4)
  5 black bears
  A centaur (D:9)
  16 wolves
  4 kobold brigands
  A gnoll sergeant (D:9)
  26 bullfrogs
  5 scorpions
  9 wights
  3 killer bees (D:8)
  2 jellies
  3 hounds
  3 orc priests
  Terence (D:2)
  An iguana (D:5)
  5 orc wizards
  6 gnolls
  8 river rats (Sewer)
  8 adders
  2 shadow imps
  2 white imps
  An ufetubus (D:5)
  A worm (D:3)
  A dart slug (D:1)
  29 orcs
  4 bats (D:2)
  3 endoplasms
  5 giant cockroaches
  14 goblins
  11 hobgoblins
  3 jackals
  19 kobolds
  6 quokkas
  9 ball pythons
  5 frilled lizards
  2 goblin zombies (D:5)
  2 hobgoblin zombies (D:5)
  3 kobold skeletons (D:5)
  A kobold zombie (D:5)
  2 orc skeletons (D:5)
  An orc zombie (D:5)
  21 rats
346 creatures vanquished.

Vanquished Creatures (collateral kills)
  A dire elephant (Lair:3)
  A hydra (Lair:3)
  Harold (Lair:2)
  A bog body (Lair:4)
  2 wolf spiders (Lair:1)
  9 elephants
  4 black mambas
  A guardian serpent (Lair:6)
  Maggie (D:8)
  A rime drake (Lair:1)
  4 cane toads
  5 komodo dragons
  A tarantella (Lair:3)
  4 polar bears
  A raiju (Lair:6)
  2 hornets (Lair:6)
  7 yaks
  A spriggan (Lair:3)
  7 wyverns
  2 wargs (Lair:6)
  9 water moccasins
  5 hell hounds (Lair:6)
  5 black bears
  An elephant zombie (Lair:3)
  2 centaurs (D:8)
  9 wolves
  A bullfrog (Lair:5)
  An orc priest (D:8)
  5 hell rats (Lair:4)
  9 orcs (D:8)
  A bush (Lair:6)
104 creatures vanquished.

Vanquished Creatures (others)
  A human zombie (Lair:3)
  2 hydra zombies
  A tarantella zombie (Lair:3)
  2 black mamba zombies (Lair:6)
  A wyvern (Lair:6)
  A basilisk (D:8)
  A cane toad zombie (Lair:6)
  An orc warrior (D:8)
  A hornet zombie (Lair:6)
  3 elephant zombies
  A rime drake zombie (Lair:2)
  A komodo dragon zombie (Lair:6)
  A bullfrog (Bailey)
  5 wyvern zombies
  5 hell hound zombies (Lair:6)
  4 water moccasin zombies
  2 warg zombies (Lair:6)
  6 wolf zombies
  A centaur zombie (D:8)
  3 bullfrog zombies
  3 black bear zombies (Lair:6)
  2 killer bee zombies (D:8)
  2 hell rat zombies (Lair:4)
  8 orc zombies (D:8)
  131 fungi
  176 plants
365 creatures vanquished.

Grand Total: 815 creatures vanquished

Notes
Turn   | Place    | Note
-------+----------+-------------------------------------------
     0 | D:1      | Shayle the Tengu Brigand began the quest for the Orb.
     0 | D:1      | Reached XP level 1. HP: 12/12 MP: 2/2
    77 | D:1      | Reached skill level 1 in Armour
   311 | D:1      | Reached XP level 2. HP: 15/18 MP: 3/3
  1344 | D:1      | Reached XP level 3. HP: 22/22 MP: 4/4
  1563 | D:2      | Reached skill level 3 in Fighting
  2053 | D:2      | Reached XP level 4. HP: 28/28 MP: 5/5
  2882 | D:3      | Noticed Terence
  2891 | D:2      | Killed Terence
  3017 | D:3      | Found a faded altar of an unknown god.
  3020 | D:3      | Noticed Sigmund
  3038 | D:3      | Killed Sigmund
  3039 | D:3      | Reached skill level 4 in Fighting
  3039 | D:3      | Gained mutation: Your magical nature lets you fly swiftly
                  | and evasively. [Tengu growth]
  3039 | D:3      | Reached XP level 5. HP: 28/34 MP: 6/6
  3039 | D:3      | Reached XP level 6. HP: 32/39 MP: 7/7
  3537 | D:3      | Found an ancient bone altar of Kikubaaqudgha.
  3587 | D:3      | Noticed Grinder
  3901 | D:3      | Paralysed by Grinder for 6 turns
  3933 | D:3      | Killed Grinder
  3934 | D:3      | Reached skill level 5 in Fighting
  3934 | D:3      | Reached skill level 5 in Armour
  3934 | D:3      | Reached XP level 7. HP: 15/44 MP: 8/8
  5083 | D:4      | Reached skill level 6 in Fighting
  5206 | D:5      | Entered Level 5 of the Dungeon
  5207 | D:5      | Identified the +1 pair of gloves of Parlour Games {Will+
                  | Dex+3 Stlth+}
  5502 | D:5      | Found a glowing golden altar of the Shining One.
  5577 | D:5      | Reached skill level 1 in Invocations
  5695 | D:5      | Reached XP level 8. HP: 46/51 MP: 10/10
  6325 | D:6      | Found a glowing drain.
  6335 | Sewer    | Entered a sewer
  7055 | D:6      | Found an opulent altar of Gozag.
  7197 | D:6      | Found a radiant altar of Vehumet.
  7203 | D:6      | Reached skill level 7 in Fighting
  8046 | D:7      | Found a flagged portal.
  8052 | D:7      | Identified the +2 hand axe "Death Rattle" {vorpal, rCorr
                  | Str+4}
  8057 | Bailey   | Entered a bailey
  8077 | Bailey   | Reached XP level 9. HP: 44/57 MP: 12/12
  8586 | Bailey   | Reached skill level 8 in Fighting
  8718 | Bailey   | Noticed Prince Ribbit
  8741 | Bailey   | Killed Prince Ribbit
  8742 | Bailey   | Reached skill level 5 in Invocations
  8874 | Bailey   | Noticed a vault guard
  8969 | Bailey   | Killed a vault guard
  8970 | Bailey   | Reached XP level 10. HP: 65/65 MP: 15/15
  9026 | Bailey   | Noticed a vault guard
  9054 | Bailey   | Killed a vault guard
  9055 | Bailey   | Reached skill level 9 in Fighting
  9270 | D:7      | Found a staircase to the Ecumenical Temple.
  9279 | Temple   | Entered the Ecumenical Temple
 10178 | D:8      | Reached skill level 10 in Armour
 10213 | D:8      | Noticed Maggie
 10471 | D:9      | Noticed a two-headed hydra
 10490 | D:9      | Killed a two-headed hydra
 10491 | D:9      | Reached skill level 10 in Fighting
 11317 | D:9      | Found a burning altar of Makhleb.
 11488 | D:8      | Reached XP level 11. HP: 67/69 MP: 17/17
 11543 | D:8      | Noticed a two-headed ogre
 11586 | D:8      | Killed a two-headed ogre
 11640 | D:8      | Found a basalt altar of Yredelemnul.
 11724 | D:8      | Became a worshipper of Yredelemnul the Dark
 11807 | D:8      | Reached * piety under Yredelemnul
 12081 | D:8      | Found a staircase to the Lair.
 12244 | D:8      | Reached ** piety under Yredelemnul
 12493 | D:8      | Killed Maggie
 12520 | D:8      | Reached skill level 11 in Fighting
 12804 | Lair:1   | Entered Level 1 of the Lair of Beasts
 12937 | Lair:1   | Noticed a wolf spider
 12946 | Lair:1   | Killed a wolf spider
 13005 | Lair:1   | Noticed a wolf spider
 13014 | Lair:1   | Killed a wolf spider
 13268 | Lair:1   | Identified the +11 glaive of Mana {distort, rF+}
 13508 | Lair:1   | Reached skill level 1 in Unarmed Combat
 13533 | Lair:1   | Reached *** piety under Yredelemnul
 14292 | Lair:2   | Reached XP level 12. HP: 30/80 MP: 7/19
 14315 | Lair:2   | You are sucked into a shaft and drop 1 floor!
 14594 | Lair:3   | Noticed Rupert
 14625 | Lair:3   | Found a hole to the Spider Nest.
 15059 | Lair:2   | Noticed Harold
 15067 | Lair:2   | Killed Harold
 15843 | Lair:2   | Upgraded the game from 0.29-a0-369-gd956c00756 to
                  | 0.29-a0-371-g91724d5b39
 16306 | Lair:3   | Reached skill level 5 in Unarmed Combat
 16397 | Lair:3   | Noticed a dire elephant
 16421 | Lair:3   | Noticed an eight-headed hydra
 16445 | Lair:3   | Killed Rupert
 16446 | Lair:3   | Reached skill level 10 in Invocations
 16456 | Lair:3   | Your ally Rupert died
 16951 | Lair:3   | Killed an eight-headed hydra
 16952 | Lair:3   | Reached skill level 12 in Fighting
 17130 | Lair:3   | Killed a dire elephant
 17131 | Lair:3   | Reached **** piety under Yredelemnul
 17131 | Lair:3   | Reached skill level 5 in Dodging
 17308 | Lair:3   | Reached ***** piety under Yredelemnul
 17380 | Lair:3   | Reached XP level 13. HP: 79/86 MP: 21/21
 17390 | Lair:3   | Reached ****** piety under Yredelemnul
 19046 | Lair:4   | Identified the +1 ring mail "Earthly Heaven" {Dex+4}
 19152 | Lair:4   | Found a staircase to the Swamp.
 19307 | Lair:4   | Found a runed translucent door.
 19900 | Lair:4   | Noticed Depoub's ghost (journeyman OgIE)
 20060 | Lair:5   | Reached skill level 1 in Evocations
 20704 | Lair:5   | Found a staircase to the Slime Pits.
 21798 | Lair:6   | Entered Level 6 of the Lair of Beasts
 22693 | Lair:6   | Reached XP level 14. HP: 15/92 MP: 4/23
 23072 | Lair:6   | Reached skill level 13 in Fighting
 23075 | Lair:6   | Reached skill level 5 in Evocations
 24392 | Lair:6   | HP: 7/141 [black mamba (6)]
 24393 | Lair:6   | Slain by a wolf spider

Illustrated notes

Levels and vault maps discovered:
D:1:      dpeg_arrival_houses_and_road, layout_basic
D:2:      layout_basic, nrook_uturn, minmay_3d_cube
D:3:      layout_rooms, kiku_gazebo_pond_becter, ebering_ecumenical_altar_mist,
          minmay_goblin_outpost, uniq_grinder, uniq_sigmund, uniq_terence
D:4:      layout_loops_ring
D:5:      cheibrodos_helix_gallery, layout_rooms, nicolae_tso_besieged_by_evil,
          hangedman_decor_clover_reticule
D:6:      layout_basic, mainiacjoe_overflow_six_doors_small, kennysheep_mini,
          cheibrodos_sewer_entry_drain
D:7:      layout_basic, minmay_temple_entry_ruins, enter_bailey_2
D:8:      layout_basic, mainiacjoe_overflow_chevrons, minmay_lair_entry_grove,
          special_room [special_room_orc], uniq_maggie
D:9:      nicolae_cairo_tiling_large, layout_loops_cross, lemuel_doored_altar,
          lemuel_coloured_pillars_altar, hangedman_ranch
Temple:   nicolae_temple_great_sept
Lair:1:   layout_hall_layers, nicolae_lair_run_with_the_wolves,
          grunt_megastairs_5, infiniplex_staircase_pool, serial_bayou_shore_b
Lair:2:   layout_regular_city, gammafunk_lair_bear_cave, grunt_megastairs_2,
          serial_bayou_shore_b, lemuel_fruit_tree, uniq_harold
Lair:3:   mu_elephants_graveyard, layout_chaotic_city, spider_nest_entry_rubble,
          uniq_rupert
Lair:4:   layout_loops_ring, skrybe_swamp_entry_bodies,
          ebering_ghost_reflecting_pool
Lair:5:   layout_big_grid, slime_dummy, beast_lair_carwin_11
Lair:6:   hangedman_lair_caniforms_friends, layout_cave_pods,
          hangedman_lair_tendril_chambers, st_stairs_8,
          small_statue_intersection, serial_bayou_shore_b

Skill      XL: |  1  2  3  4  5  6  7  8  9 10 11 12 13 14 |
---------------+-------------------------------------------+-----
Armour         | 1 2 4 5 6 7 9 10 12 | 12.0
Fighting       | 3 4 5 6 7 8 10 11 12 13 | 13.3
Invocations    | 1 3 5 7 9 10 11 12 | 12.1
Unarmed Combat | 2 7 9 |  9.9
Dodging        | 2 5 7 8 |  8.1
Evocations     | 4 5 |  5.0
Short Blades   | |  2.1
Throwing       | |  2.0
Stealth        | |  4.0

Action                   |  1- 3 |  4- 6 |  7- 9 | 10-12 | 13-15 || total
-------------------------+-------+-------+-------+-------+-------++-------
Melee: Dagger            |    84 |   115 |   254 |   215 |     4 ||   672
       Kick              |    17 |    24 |    91 |   188 |   144 ||   464
       Peck              |     6 |    21 |    45 |   117 |    93 ||   282
       Punch             |       |     4 |     2 |     6 |     6 ||    18
       Hand axe          |       |       |    52 |   224 |   151 ||   427
       Triple sword      |       |       |       |       |   143 ||   143
       Unarmed           |       |       |       |       |    27 ||    27
Throw: Dart              |       |    10 |    14 |    43 |    20 ||    87
       Throwing net      |       |     1 |     1 |     3 |     1 ||     6
Invok: Dark Bargain      |       |       |       |     9 |     5 ||    14
       Recall Undead Har |       |       |       |     3 |     6 ||     9
Evoke: Wand              |       |       |    15 |    16 |     6 ||    37
  Use: Scroll            |       |     3 |    13 |    15 |    10 ||    41
       Potion            |       |     3 |       |     8 |    14 ||    25
 Stab: Sleeping          |     8 |     1 |    13 |     6 |     2 ||    30
       Distracted        |     1 |       |       |     4 |     8 ||    13
       Petrified         |       |       |       |     1 |     4 ||     5
       Petrifying        |       |       |       |     1 |       ||     1
       Paralysed         |       |       |       |       |     6 ||     6
       Invisible         |       |       |       |       |     4 ||     4
Armor: Robe              |    18 |     6 |       |       |       ||    24
       Ring mail         |       |    28 |    83 |   254 |    75 ||   440
       Skin              |       |    16 |       |    12 |    27 ||    55
       Plate armour      |       |       |       |       |   251 ||   251
Dodge: Dodged            |    41 |    75 |   179 |   405 |   476 ||  1176

Table legend: (Time is in decaauts)
 A = Elapsed time spent in this place.
 B = Non-inter-level travel time spent in this place.
 C = Inter-level travel time spent in this place.
 D = Time resting spent in this place.
 E = Time spent auto-exploring this place.
 F = Levels seen in this place.
 G = Mean time per level.
                   A        B        C        D        E       F      G
               +--------+--------+--------+--------+--------+-----+--------+
         Total |  23471 |  22442 |   1029 |   7037 |   8454 |  18 | 1303.9 |
       Dungeon |  10551 |   9884 |    667 |   1681 |   5499 |   9 | 1172.3 |
        Temple |     78 |     78 |      0 |      0 |     56 |   1 |   78.0 |
          Lair |  11193 |  10832 |    361 |   4655 |   2644 |   6 | 1865.5 |
         Sewer |    588 |    588 |      0 |     60 |    223 |   1 |  588.0 |
        Bailey |   1059 |   1059 |      0 |    639 |     30 |   1 | 1059.0 |
               +--------+--------+--------+--------+--------+-----+--------+

Top non-repeatable levels by time:
  Lair:3: 2693 daAuts
  Lair:5: 2060 daAuts
  Lair:2: 1994 daAuts
  Lair:4: 1628 daAuts
     D:2: 1610 daAuts
  Lair:6: 1547 daAuts
     D:1: 1541 daAuts
     D:8: 1460 daAuts
  Lair:1: 1269 daAuts
     D:9: 1195 daAuts
     D:3: 1136 daAuts
  Bailey: 1059 daAuts
     D:7: 1050 daAuts
     D:4: 982 daAuts
     D:6: 937 daAuts
